 Dungeon Crawl Stone Soup version 0.19.0-2-gae57169 (webtiles) character file.

2998 NINUZHNO the Grappler (level 10, -2/77 HPs)
             Began as a Human Berserker on Nov 6, 2016.
             Was an Elder of Trog.
             Slain by Drunkenshrew's ghost (15 damage)
             ... while paralysed
             ... on level 7 of the Dungeon.
             The game lasted 00:14:17 (8859 turns).

NINUZHNO the Grappler (Human Berserker)             Turns: 8859, Time: 00:14:17

Health: -2/77      AC:  0    Str: 18    XL:     10   Next: 9%
Magic:  10/10      EV:  2    Int:  8    God:    Trog [****..]
Gold:   319        SH:  0    Dex: 15    Spells: 0 memorised, 9 levels left

rFire  . . .     SeeInvis .       - Unarmed
rCold  . . .     Gourm    .     (no armour)
rNeg   . . .     Faith    .     (no shield)
rPois  .         Spirit   .     (no helmet)
rElec  .         Reflect  .     (no cloak)
rCorr  .         Harm     .     (no gloves)
MR     .....                    (no boots)
Stlth  +++.......               (no amulet)
                                (no ring)
                                (no ring)

@: paralysed, exhausted, slowed
A: no striking features
a: Berserk, Trog's Hand, Brothers in Arms, Burn Spellbooks, Renounce Religion


You were on level 7 of the Dungeon.
You worshipped Trog.
Trog was greatly pleased with you.
You were hungry.

You visited 1 branch of the dungeon, and saw 7 of its levels.
You also visited: Sewer.

You collected 319 gold pieces.

Inventory:

Missiles
 a - 229 stones (quivered)
Potions
 e - 4 potions of might
 h - a potion of heal wounds {unknown}
 i - 5 potions of curing {unknown}
 j - 3 potions of haste {unknown}
 k - 2 potions of flight {unknown}
 l - a potion of berserk rage {unknown}
 m - a potion of lignification {unknown}
 n - a potion of degeneration {unknown}
 o - a potion of mutation {unknown}
 p - 2 potions of ambrosia {unknown}
 q - a potion of cancellation {unknown}
 r - a potion of brilliance {unknown}
 s - a potion of resistance {unknown}
Books
 t - a book of Changes

   Spells                             Type                      Level
   a - Beastly Appendage              Transmutation                1
   b - Sticks to Snakes               Transmutation                2
   c - Spider Form                    Transmutation/Poison         3
   d - Ice Form                       Ice/Transmutation            4
   e - Blade Hands                    Transmutation                5
   Trog disapproves of the use of such an item.
Comestibles
 b - 4 bread rations
 c - 3 beef jerkies
 d - 2 meat rations
 f - 3 slices of pizza
 g - 7 chunks of flesh


   Skills:
 + Level 6.7 Fighting
 - Level 2.0 Armour
 + Level 6.3 Dodging
 + Level 6.2 Stealth
 * Level 9.0 Unarmed Combat


You had 9 spell levels left.
You didn't know any spells.

Dungeon Overview and Level Annotations

Branches:
Dungeon (7/15)             Temple (0/1) D:5

Altars:
Dithmenos
Nemelex Xobeh
Xom
The Shining One

Shops:
D:5 =

Annotations:
D:7 Drunkenshrew's ghost, novice DsBe


Message History

Drunkenshrew's ghost closely misses you.
You barely miss Drunkenshrew's ghost.
Drunkenshrew's ghost is severely damaged.
You punch Drunkenshrew's ghost!
Drunkenshrew's ghost is almost destroyed.
Drunkenshrew's ghost hits you.
* * * LOW HITPOINT WARNING * * *
You hit Drunkenshrew's ghost but do no damage.
Drunkenshrew's ghost is almost destroyed.
You closely miss Drunkenshrew's ghost.
Drunkenshrew's ghost is almost destroyed.
Drunkenshrew's ghost hits you!
* * * LOW HITPOINT WARNING * * *
You punch Drunkenshrew's ghost!
Drunkenshrew's ghost is almost destroyed.
You are no longer berserk.
You pass out from exhaustion.
You feel yourself slow down. Drunkenshrew's ghost hits you!
You die...

# #......# #
#......#...... #
#####).....#...... .
###....).....#..... ..
##..#####....#....# .#
...##..[##...#....##..#
#..#!.∩55#...#........#
##.##...##...#........#
##..#####....#..@.#
.............#...W##..
.............#.........
.............'.........
.............#..........
.............###########
#######........
#......... +.........


You could see Drunkenshrew's ghost.

Vanquished Creatures
  Pikel (D:6)
  The ghost of MirrMurr the Covert, a novice SpEn of Ashenzari (D:6)
  Grinder (D:6)
  The ghost of SaintRoka the Chopper, an amateur HOWz (D:3)
  Purgy (Sewer)
  3 ice beasts
  4 slaves (D:5)
  A centaur (D:5)
  An ogre (D:5)
  4 bullfrogs (D:6)
  A water moccasin zombie (D:6)
  A howler monkey (D:6)
  3 crimson imps
  A hound (D:5)
  2 jellies (D:5)
  2 bullfrog skeletons
  3 orc priests
  A centaur skeleton (D:4)
  Crazy Yiuf (D:6)
  3 orc wizards
  4 iguanas
  7 worker ants
  A hound zombie (D:6)
  A hound skeleton (D:5)
  A worker ant zombie (D:6)
  4 gnolls (D:5)
  3 adders
  A shadow imp (D:6)
  An adder zombie (D:6)
  5 worms
  4 dart slugs
  6 leopard geckos
  19 orcs
  4 ball pythons
  7 giant cockroaches
  9 goblins
  13 hobgoblins
  5 jackals
  2 quokkas
  8 bats
  6 frilled lizards
  A jackal skeleton (D:6)
  A jackal zombie (D:7)
  13 kobolds
  A leopard gecko skeleton (D:4)
  A quokka skeleton (D:3)
  14 rats
178 creatures vanquished.

Notes
Turn   | Place    | Note
-------+----------+-------------------------------------------
     0 | D:1      | NINUZHNO the Human Berserker began the quest for the Orb.
     0 | D:1      | Reached XP level 1. HP: 18/18 MP: 1/1
   300 | D:1      | Reached XP level 2. HP: 13/24 MP: 2/2
   636 | D:1      | Reached XP level 3. HP: 22/29 MP: 3/3
   644 | D:1      | Reached skill level 1 in Stealth
  1030 | D:1      | Reached ** piety under Trog
  1308 | D:2      | Found a shadowy altar of Dithmenos.
  1453 | D:2      | Found a faded altar of an unknown god.
  1469 | D:2      | Reached XP level 4. HP: 35/35 MP: 4/4
  2357 | D:3      | Reached skill level 4 in Unarmed Combat
  2357 | D:3      | Reached XP level 5. HP: 30/42 MP: 5/5
  2413 | D:3      | Noticed SaintRoka's ghost (amateur HOWz)
  2414 | D:3      | Found a glowing drain.
  2432 | D:3      | Killed SaintRoka's ghost
  2432 | D:3      | Reached XP level 6. HP: 22/48 MP: 6/6
  2622 | D:3      | Reached *** piety under Trog
  2635 | Sewer    | Entered a sewer
  2740 | Sewer    | Noticed Purgy
  2750 | Sewer    | Killed Purgy
  2750 | Sewer    | Reached skill level 5 in Unarmed Combat
  2964 | D:3      | Reached XP level 7. HP: 54/54 MP: 7/7
  3576 | D:4      | Found a shimmering altar of Xom.
  5015 | D:5      | Entered Level 5 of the Dungeon
  5244 | D:5      | Reached XP level 8. HP: 61/61 MP: 8/8
  5276 | D:5      | Reached skill level 6 in Unarmed Combat
  5512 | D:5      | Reached **** piety under Trog
  5646 | D:5      | Found a staircase to the Ecumenical Temple.
  5650 | D:5      | Found a sparkling altar of Nemelex Xobeh.
  5674 | D:5      | Reached skill level 5 in Fighting
  5789 | D:5      | Found a glowing golden altar of the Shining One.
  5812 | D:5      | Found Cir Deno's Jewellery Emporium.
  6043 | D:6      | Noticed MirrMurr's ghost (novice SpEn)
  6065 | D:6      | Killed MirrMurr's ghost
  6065 | D:6      | Reached skill level 5 in Dodging
  6065 | D:6      | Reached skill level 7 in Unarmed Combat
  6226 | D:6      | Reached XP level 9. HP: 60/68 MP: 9/9
  6633 | D:5      | Reached skill level 5 in Stealth
  7018 | D:6      | Noticed Pikel
  7384 | D:6      | Killed Pikel
  7384 | D:6      | Reached skill level 8 in Unarmed Combat
  8128 | D:6      | Noticed Grinder
  8141 | D:6      | Killed Grinder
  8150 | D:6      | Reached XP level 10. HP: 77/77 MP: 10/10
  8192 | D:6      | Found a runed door.
  8466 | D:6      | Noticed Crazy Yiuf
  8471 | D:6      | Killed Crazy Yiuf
  8757 | D:7      | Reached skill level 9 in Unarmed Combat
  8826 | D:7      | Noticed Drunkenshrew's ghost (novice DsBe)
  8859 | D:7      | Slain by Drunkenshrew's ghost

Skill      XL: |  1  2  3  4  5  6  7  8  9 10 |
---------------+-------------------------------+-----
Stealth        | 1 2 3 4 6 |  6.2
Unarmed Combat | 4 5 7 8 9 |  9.0
Fighting       | 4 5 6 |  6.7
Dodging        | 3 4 5 6 |  6.3
Armour         | |  2.0

Action                   |  1- 3 |  4- 6 |  7- 9 | 10-12 || total
-------------------------+-------+-------+-------+-------++-------
Melee: Unarmed           |   113 |   104 |   368 |    83 ||   668
       Punch             |     1 |     2 |    15 |     4 ||    22
Invok: Berserk           |     4 |     6 |    17 |     4 ||    31
       Trog's Hand       |       |     1 |     3 |     1 ||     5
  Use: Potion            |       |       |     1 |       ||     1
 Stab: Sleeping          |     1 |     6 |     5 |     2 ||    14
       Distracted        |       |       |     1 |       ||     1
  Eat: Chunk             |     5 |    11 |    26 |     5 ||    47
       Fruit             |       |       |     3 |       ||     3
       Bread ration      |       |       |     1 |       ||     1
       Beef jerky        |       |       |       |     1 ||     1
Dodge: Dodged            |    81 |    67 |   242 |    33 ||   423
